[Event "AI Cup Div-3 2023"]
[Site "Online"]
[Date "2023.09.26"]
[Round "52.1"]
[White "Paravyan, David"]
[Black "Kovalev, Vladislav"]
[Result "0-1"]
[Annotator "ChessBase"]
[ECO "C92"]
[WhiteElo "2599"]
[BlackElo "2582"]
[PlyCount "88"]
[EventDate "2023.09.18"]
[EventType "k.o."]
[EventCountry "NET"]
[SourceTitle "playchess.com"]
[Source "ChessBase"]
[SourceQuality "1"]
[TimeControl "900+3"]

1. e4 e5 2. Nf3 Nc6 3. Bb5 a6 4. Ba4 Nf6 5. O-O Be7 6. Re1 b5 7. Bb3 d6 8. c3 O-O 9. h3 Bb7 10. d4 Re8 11. a3 h6 12. Ba2 Bf8 13. d5 Ne7 14. c4 bxc4 15. Bxc4 c6 16. dxc6 Bxc6 17. Nc3 Qc7 18. b3 Qb7 19. Qd3 Nc8 20. Be3 Nxe4 21. Nd5 Ne7 22. Nb4 Bb5 23. Rab1 Nf6 24. Qxd6 Nc6 25. Qd2 Nxb4 26. axb4 Rad8 27. Qc2 Bxb4 28. Red1 Rc8 29. Qf5 Qe4 30. Qxe4 Nxe4 31. Bxb5 axb5 32. Ra1 f5 33. Ra7 f4 34. Bb6 Rc6 35. Rdd7 Bf8 36. Rab7 Rc1+ 37. Kh2 Nf6 38. Rdc7 Rxc7 39. Bxc7 e4 40. Nd4 Nd5 41. Nxb5 Nxc7 42. Rxc7 e3 43. fxe3 fxe3 44. Rc1 e2 0-1

[Event "AI Cup Div-3 2023"]
[Site "Online"]
[Date "2023.09.26"]
[Round "52.1"]
[White "Vaibhav, Suri"]
[Black "Demchenko, Anton"]
[Result "0-1"]
[Annotator "ChessBase"]
[ECO "C55"]
[WhiteElo "2588"]
[BlackElo "2608"]
[PlyCount "144"]
[EventDate "2023.09.18"]
[EventType "k.o."]
[EventCountry "NET"]
[SourceTitle "playchess.com"]
[Source "ChessBase"]
[SourceQuality "1"]
[TimeControl "900+3"]

1. e4 e5 2. Nf3 Nc6 3. Bc4 Nf6 4. d3 h6 5. c3 d6 6. a4 a5 7. Qb3 Qe7 8. O-O g6 9. Re1 Bg7 10. Nbd2 O-O 11. Nf1 Bg4 12. N3d2 Rab8 13. Ne3 Be6 14. Bxe6 fxe6 15. Qb5 Qf7 16. Rf1 d5 17. Qb3 Rfd8 18. Qc2 Nh5 19. Nb3 b6 20. Ng4 Nf4 21. g3 h5 22. Ne3 Nh3+ 23. Kg2 Ng5 24. f3 Nh7 25. Qe2 Rd7 26. Bd2 Rbd8 27. Rad1 Rd6 28. Bc1 Qd7 29. Qc2 Ne7 30. Nd2 c5 31. Rfe1 g5 32. exd5 exd5 33. c4 d4 34. Nef1 Rg6 35. Ne4 Rf8 36. h3 Nc6 37. b3 Nd8 38. Nh2 Ne6 39. Rf1 Nf6 40. Rde1 Ne8 41. Qe2 Bh8 42. Rf2 N8g7 43. Kh1 Nf5 44. g4 Nfg7 45. Ng3 h4 46. Nh5 Rh6 47. Qe4 Qf7 48. Kg1 Re8 49. Rfe2 Rf8 50. Qd5 Ne8 51. Rxe5 Bxe5 52. Rxe5 Rg6 53. Bxg5 N8c7 54. Qb7 Nxg5 55. Rf5 Nxh3+ 56. Kf1 Qd7 57. Rxf8+ Kxf8 58. Qb8+ Ne8 59. Qe5 Qe6 60. Qh8+ Ke7 61. Kg2 Ng5 62. Nf4 h3+ 63. Kf1 Qf7 64. Qe5+ Ne6 65. Nxg6+ Qxg6 66. Qb8 Qxd3+ 67. Kf2 Qxb3 68. Kg3 d3 69. Qb7+ N8c7 70. Nf1 Qd1 71. Ne3 Qg1+ 72. Kh4 Qxe3 0-1

[Event "AI Cup Div-3 2023"]
[Site "Online"]
[Date "2023.09.26"]
[Round "52.1"]
[White "Muradli, Mahammad"]
[Black "Guseinov, Gadir"]
[Result "1-0"]
[Annotator "ChessBase"]
[ECO "E94"]
[WhiteElo "2550"]
[BlackElo "2636"]
[PlyCount "65"]
[EventDate "2023.09.18"]
[EventType "k.o."]
[EventCountry "NET"]
[SourceTitle "playchess.com"]
[Source "ChessBase"]
[SourceQuality "1"]
[TimeControl "900+3"]

1. d4 Nf6 2. c4 g6 3. Nc3 Bg7 4. e4 d6 5. Nf3 O-O 6. Be2 e5 7. O-O exd4 8. Nxd4 Re8 9. f3 c6 10. Bf4 Nh5 11. Be3 f5 12. Qd2 f4 13. Bf2 Be5 14. Rfd1 Qf6 15. Nb3 Nd7 16. c5 Nxc5 17. Nxc5 dxc5 18. Bc4+ Be6 19. Bxe6+ Qxe6 20. Bxc5 b6 21. Bd4 Rad8 22. Qf2 Qf6 23. Bxe5 Qxe5 24. Rd2 Ng7 25. Rad1 Ne6 26. Rd7 Rxd7 27. Rxd7 Rd8 28. Rxa7 Qb8 29. Re7 Qd6 30. Qh4 Qd4+ 31. Kf1 Qd3+ 32. Ne2 Nd4 33. Qxh7+ 1-0

[Event "AI Cup Div-3 2023"]
[Site "Online"]
[Date "2023.09.26"]
[Round "52.2"]
[White "Radjabov, Teimour"]
[Black "Malakhov, Vladimir"]
[Result "1/2-1/2"]
[Annotator "TA"]
[ECO "D37"]
[WhiteElo "2745"]
[BlackElo "2646"]
[PlyCount "85"]
[EventDate "2023.09.18"]
[EventType "k.o."]
[EventCountry "NET"]
[SourceTitle "playchess.com"]
[Source "ChessBase"]
[SourceQuality "1"]
[TimeControl "900+3"]

1. d4 d5 2. c4 e6 3. Nf3 Nf6 4. Nc3 a6 5. e3 b6 6. b3 {[%emt 0:00:10] D37: Queen's Gambit Declined: 5 Bf4.} Bb7 7. Bb2 Nbd7 8. Be2 Bd6 9. O-O O-O 10. Rc1 Qe7 11. cxd5 exd5 12. Qc2 Rac8 13. Rfd1 Ne4 14. Nxe4 dxe4 15. Ne5 {[%emt 0:00:01] [#]} f5 $146 ({Predecessor:} 15... Nxe5 16. dxe5 Bxe5 17. Bxe5 Qxe5 18. Rd7 Qe6 19. Rxc7 Rxc7 20. Qxc7 Qc8 21. Rc3 Re8 {1-0 Kilic,G (1923)-Aydogdu,C (1803) TUR Cup Antalya 2020 (8)}) 16. a4 Kh8 17. Nxd7 Qxd7 18. d5 Qf7 19. g3 Bxd5 (19... a5 $5 ) 20. Qc3 (20. Bxa6 {simplifies} Rcd8 21. Bc4 Bxc4 22. bxc4 Bb4 23. Bd4) 20... Bb7 21. Bc4 Qg6 (21... Qe7 $5) 22. Bd5 $132 {[%emt 0:01:52][%mdl 2048] White puts up resistance} Bxd5 23. Rxd5 Rce8 24. Qd4 (24. a5 $5 Rb8 25. Qc4 $11) 24... Re6 25. a5 b5 26. Rc6 h5 $1 27. Rxa6 h4 $1 28. Rc6 {[%emt 0:00:45][%cal Oa5a6] Hoping for a6!} Rff6 {[%emt 0:00:59][%cal Rd6g3] Threatens to win with ...Bxg3!} 29. Rc2 (29. Kh1 $142) 29... f4 (29... hxg3 $11 {remains equal.} 30. fxg3 (30. hxg3 c6 $11) 30... c6) 30. exf4 $16 {[%emt 0:00:08] f5 would be deadly. White is more active.} (30. Rxb5 $2 hxg3 31. fxg3 fxg3 $19) 30... Bxf4 {[%emt 0:00:32] [#]} (30... e3 $16 31. f5 exf2+ 32. Rxf2 (32. Qxf2 Qe8 $16) 32... Re1+ 33. Kg2 (33. Rf1 Rxf1+ 34. Kxf1 Rxf5+ 35. Rxf5 Qxf5+ 36. Ke1 Bf8 $14) 33... h3+ 34. Kxh3 Qg5) 31. Qd1 $1 $18 (31. Rxb5 $2 e3 32. Qd1 exf2+ 33. Rxf2 hxg3 34. Qh5+ Kg8 35. Rb8+ (35. Bxf6 $2 gxh2+ 36. Kh1 Qg1#) 35... Kf7 36. Qxg6+ Kxg6 37. Bxf6 (37. hxg3 $2 Be3 $19 {[%mdl 64] Pin}) 37... gxf2+ 38. Kxf2 Kxf6 $19) 31... hxg3 32. hxg3 (32. Rxb5 gxf2+ 33. Kh1 e3 34. Rh5+ Kg8 35. Qd8+ Rf8) 32... Rf5 (32... Rf8 {was worth a try.} 33. Qh5+ (33. Rxb5 Kg8 $16) 33... Kg8) 33. Rxf5 Qxf5 {[%emt 0:00:01] [#]} 34. Qd7 {[%emt 0:00:00][%csl Gb2][%cal Rd7g7] Against Rd6} (34. gxf4 {is a self mate.} Rg6+ 35. Kf1 Qh3+ 36. Ke2 Qf3+ 37. Kd2 Rd6+) (34. Qd8+ Kh7 35. Qh4+ (35. gxf4 $2 Qg4+ 36. Kf1 Rh6 $19) 35... Bh6 36. Rxc7 Kg8 37. Qd8+ Kh7 $14) 34... Bh6 {[%emt 0:00:12] ...e3 is the strong threat.} 35. Rc6 $2 ({Worse is} 35. Qxc7 e3 36. Bxg7+ Bxg7 37. fxe3 Bh6 38. Qc8+ Kh7 39. Rc7+ Kg6 40. Qg8+ Kh5 41. Qf7+ Qxf7 42. Rxf7 b4 $17) ({Only move:} 35. Rxc7 $18 Qg6 36. Qf7 (36. Qxb5 e3 $11) 36... Qxf7 37. Rxf7) 35... e3 $1 $11 {[%emt 0:00:07] The position is equal.} 36. Qxe6 Qxf2+ 37. Kh1 Qf1+ 38. Kh2 Qe2+ 39. Kh3 Qh5+ 40. Kg2 Qe2+ 41. Kh3 Qh5+ 42. Kg2 Qe2+ 43. Kh3 {[%emt 0:00:01] White really could win this.   Weighted Error Value: White=0.21 (precise) /Black=0.18 (very precise)} 1/2-1/2

[Event "AI Cup Div-3 2023"]
[Site "Online"]
[Date "2023.09.26"]
[Round "52.2"]
[White "Guseinov, Gadir"]
[Black "Muradli, Mahammad"]
[Result "1-0"]
[Annotator "ChessBase"]
[ECO "B96"]
[WhiteElo "2636"]
[BlackElo "2550"]
[PlyCount "77"]
[EventDate "2023.09.18"]
[EventType "k.o."]
[EventCountry "NET"]
[SourceTitle "playchess.com"]
[Source "ChessBase"]
[SourceQuality "1"]
[TimeControl "900+3"]

1. e4 c5 2. Nf3 d6 3. d4 cxd4 4. Nxd4 Nf6 5. Nc3 a6 6. Bg5 e6 7. f4 Nbd7 8. Qe2 Qc7 9. O-O-O Be7 10. Nf3 h6 11. Bh4 g5 12. fxg5 hxg5 13. Bxg5 b5 14. a3 Rb8 15. Qe1 Bb7 16. Bd3 Ng4 17. Bxe7 Kxe7 18. Rf1 Nge5 19. Nxe5 Nxe5 20. Qf2 Qc5 21. Qf6+ Kd7 22. h3 Rbg8 23. Kb1 Rh7 24. Rd2 Rg6 25. Qf4 Rh8 26. Be2 Ke7 27. h4 Rhh6 28. h5 Rf6 29. Qh4 Qe3 30. Rfd1 Qf4 31. g4 Bxe4 32. Rd4 d5 33. Nxe4 dxe4 34. Qe1 Kf8 35. Qb4+ Kg7 36. Rd8 Ng6 37. hxg6 Kxg6 38. Rg8+ Kh7 39. Qf8 1-0

[Event "AI Cup Div-3 2023"]
[Site "Online"]
[Date "2023.09.26"]
[Round "52.2"]
[White "Chigaev, Maksim"]
[Black "Durarbayli, Vasif"]
[Result "1/2-1/2"]
[Annotator "ChessBase"]
[ECO "B20"]
[WhiteElo "2615"]
[BlackElo "2625"]
[PlyCount "101"]
[EventDate "2023.09.18"]
[EventType "k.o."]
[EventCountry "NET"]
[SourceTitle "playchess.com"]
[Source "ChessBase"]
[SourceQuality "1"]
[TimeControl "900+3"]

1. e4 c5 2. Ne2 d6 3. g3 d5 4. exd5 Qxd5 5. Rg1 Bg4 6. Nbc3 Qd7 7. d4 cxd4 8. Qxd4 Nf6 9. h3 Nc6 10. Qxd7+ Bxd7 11. Be3 g6 12. O-O-O Bg7 13. g4 O-O-O 14. Bg2 Kb8 15. Bf4+ e5 16. Bg3 Ne8 17. Rd3 Nc7 18. Bh4 f6 19. Ne4 g5 20. Bg3 Be6 21. Rgd1 Rxd3 22. Rxd3 Nb4 23. Rd6 Nxa2+ 24. Kb1 Nb4 25. Nc5 Ba2+ 26. Kc1 Bd5 27. Bxd5 Nbxd5 28. Rd7 Rg8 29. Ne4 Kc8 30. Rf7 Ne8 31. c4 Ndc7 32. b3 Rf8 33. Nd6+ Nxd6 34. Rxg7 Rf7 35. Rg8+ Kd7 36. Nc3 Kc6 37. Kc2 b5 38. cxb5+ Ncxb5 39. Nxb5 Nxb5 40. Kd3 Rd7+ 41. Ke4 Nd6+ 42. Kf3 Rb7 43. Rf8 Rxb3+ 44. Kg2 Ne4 45. h4 Kd5 46. h5 Nxg3 47. fxg3 Rb2+ 48. Kf3 Rb3+ 49. Kg2 Rb2+ 50. Kf3 Rb3+ 51. Kg2 1/2-1/2

[Event "AI Cup Div-3 2023"]
[Site "Online"]
[Date "2023.09.26"]
[Round "52.2"]
[White "Demchenko, Anton"]
[Black "Vaibhav, Suri"]
[Result "0-1"]
[Annotator "ChessBase"]
[ECO "C47"]
[WhiteElo "2608"]
[BlackElo "2588"]
[PlyCount "82"]
[EventDate "2023.09.18"]
[EventType "k.o."]
[EventCountry "NET"]
[SourceTitle "playchess.com"]
[Source "ChessBase"]
[SourceQuality "1"]
[TimeControl "900+3"]

1. e4 e5 2. Nf3 Nc6 3. Nc3 Nf6 4. d4 exd4 5. Nxd4 Bb4 6. Nxc6 bxc6 7. Bd3 O-O 8. O-O d6 9. Bg5 h6 10. Bh4 g5 11. Bg3 Bg4 12. f3 Be6 13. f4 Bg4 14. Be2 Bxe2 15. Qxe2 Bxc3 16. bxc3 Re8 17. e5 dxe5 18. fxg5 hxg5 19. Qf3 Re6 20. Qf5 Qd2 21. Kh1 Rd8 22. Rae1 e4 23. c4 Rd7 24. Be5 Nh7 25. Rb1 Re8 26. Rbe1 e3 27. Bc3 Qd6 28. Qf3 Qe6 29. Re2 Qxc4 30. Be1 g4 31. Qf5 Qxe2 32. Kg1 Re6 33. Bh4 Qc4 34. h3 e2 35. Rf4 e1=Q+ 36. Bxe1 Rxe1+ 37. Kh2 g3+ 38. Kxg3 Qc3+ 39. Kh2 Qe5 40. Qg4+ Kh8 41. h4 Re4 0-1

[Event "AI Cup Div-3 2023"]
[Site "Online"]
[Date "2023.09.26"]
[Round "52.2"]
[White "Kravtsiv, Martyn"]
[Black "Esipenko, Andrey"]
[Result "1-0"]
[Annotator "ChessBase"]
[ECO "C58"]
[WhiteElo "2598"]
[BlackElo "2683"]
[PlyCount "87"]
[EventDate "2023.09.18"]
[EventType "k.o."]
[EventCountry "NET"]
[SourceTitle "playchess.com"]
[Source "ChessBase"]
[SourceQuality "1"]
[TimeControl "900+3"]

1. e4 e5 2. Nf3 Nc6 3. Bc4 Nf6 4. Ng5 d5 5. exd5 Na5 6. Bb5+ Bd7 7. Qe2 Be7 8. Nf3 Nxd5 9. Bxd7+ Qxd7 10. Nxe5 Qe6 11. Nf3 Qg6 12. d4 Qxg2 13. Rg1 Qh3 14. Rg3 Qe6 15. Qxe6 fxe6 16. Rxg7 O-O-O 17. Bg5 Bxg5 18. Rxg5 Nc4 19. b3 Nd6 20. Nbd2 Nf5 21. Ne4 Rhf8 22. O-O-O Nfe3 23. fxe3 Rxf3 24. Re1 Nxe3 25. Nc5 b6 26. Nxe6 Rd6 27. Rg8+ Kb7 28. Ng5 Rf1 29. Rxf1 Nxf1 30. h3 Rxd4 31. Nxh7 Ne3 32. Rg1 Rd5 33. Nf6 Rc5 34. c4 b5 35. Kd2 Nf5 36. Rg5 bxc4 37. bxc4 Ra5 38. a4 Re5 39. Nd7 Ra5 40. Kc3 Kc8 41. Nf6 Kd8 42. h4 Ke7 43. Nd5+ Ke6 44. Kb4 1-0

[Event "AI Cup Div-3 2023"]
[Site "Online"]
[Date "2023.09.26"]
[Round "52.2"]
[White "Kovalev, Vladislav"]
[Black "Paravyan, David"]
[Result "0-1"]
[Annotator "ChessBase"]
[ECO "C70"]
[WhiteElo "2582"]
[BlackElo "2599"]
[PlyCount "64"]
[EventDate "2023.09.18"]
[EventType "k.o."]
[EventCountry "NET"]
[SourceTitle "playchess.com"]
[Source "ChessBase"]
[SourceQuality "1"]
[TimeControl "900+3"]

1. e4 e5 2. Nf3 Nc6 3. Bb5 a6 4. Ba4 Nge7 5. c3 f6 6. d4 d5 7. dxe5 dxe4 8. Qxd8+ Kxd8 9. exf6 gxf6 10. Nh4 Ng6 11. Nxg6 hxg6 12. Bf4 g5 13. Be3 Ne5 14. Bc2 Ng4 15. Bxe4 Nxe3 16. fxe3 f5 17. Bc2 Bc5 18. Nd2 Bxe3 19. Nc4 Bf4 20. Kf2 Be6 21. g3 Bxc4 22. gxf4 gxf4 23. Rad1+ Ke7 24. Rd4 Rad8 25. Rxc4 Rd2+ 26. Kf3 Rxc2 27. Rxc7+ Kf6 28. h4 Rd8 29. Kxf4 Rd3 30. Rf1 Rg2 31. Rf7+ Kxf7 32. Kxf5 Rdd2 0-1

[Event "AI Cup Div-3 2023"]
[Site "Online"]
[Date "2023.09.26"]
[Round "52.2"]
[White "Beerdsen, Thomas"]
[Black "Rakhmanov, Aleksandr"]
[Result "1-0"]
[Annotator "ChessBase"]
[ECO "B29"]
[WhiteElo "2511"]
[BlackElo "2614"]
[PlyCount "75"]
[EventDate "2023.09.18"]
[EventType "k.o."]
[EventCountry "NET"]
[SourceTitle "playchess.com"]
[Source "ChessBase"]
[SourceQuality "1"]
[TimeControl "900+3"]

1. e4 c5 2. Nf3 Nf6 3. e5 Nd5 4. Nc3 Nxc3 5. dxc3 Nc6 6. Bf4 Qc7 7. Qd2 e6 8. h4 h6 9. h5 b6 10. Rh3 Bb7 11. O-O-O a6 12. Bd3 b5 13. Be4 c4 14. g4 Ne7 15. Qe3 Bxe4 16. Qxe4 Qc6 17. Qxc6 Nxc6 18. Nd2 Ne7 19. Ne4 Nd5 20. Bh2 Be7 21. f4 O-O-O 22. f5 Kb7 23. Rf3 Kc6 24. Rd4 Bc5 25. Nxc5 Kxc5 26. Bg1 Kc6 27. b3 cxb3 28. c4 Nc7 29. Rd6+ Kb7 30. Rxb3 exf5 31. cxb5 axb5 32. Rb6+ Kc8 33. Rc3 Rhe8 34. Bc5 d5 35. Bd6 Rd7 36. gxf5 d4 37. Rc5 Red8 38. Rbc6 1-0

[Event "AI Cup Div-3 2023"]
[Site "Online"]
[Date "2023.09.26"]
[Round "52.3"]
[White "Matlakov, Maxim"]
[Black "Kramnik, Vladimir"]
[Result "1/2-1/2"]
[Annotator "TA"]
[ECO "E11"]
[WhiteElo "2674"]
[BlackElo "2753"]
[PlyCount "131"]
[EventDate "2023.09.18"]
[EventType "k.o."]
[EventCountry "NET"]
[SourceTitle "playchess.com"]
[Source "ChessBase"]
[SourceQuality "1"]
[TimeControl "900+3"]

1. d4 Nf6 2. c4 e6 3. g3 Bb4+ 4. Bd2 Be7 5. Bg2 d5 6. Nf3 O-O 7. Qc2 {[%emt 0:00:13] E11: Bogo-Indian.} c6 8. h4 Ne4 9. Bf4 {[%emt 0:00:07] White has an edge.} f5 10. Nc3 Nd7 11. O-O h6 {[%emt 0:00:18] [#]} 12. Be3 $146 ({Predecessor:} 12. Nxe4 fxe4 13. Ne5 Nxe5 14. Bxe5 Bf6 15. Rad1 Qe7 16. Bxf6 gxf6 17. e3 f5 18. Rb1 {1-0 Mishra,A (2585)-Cuartas,J (2530) ESP-chT CECLUB Div1 2023 (3.1)}) 12... Bd6 13. Rad1 Qe8 (13... Nxc3 {simplifies} 14. bxc3 b6 15. cxd5 cxd5 16. c4 Bb7) 14. Qc1 Qh5 (14... Nxc3 {simplifies} 15. bxc3 b6 16. Bf4 Bxf4 17. Qxf4 Ba6) 15. Bf4 Be7 16. Ne5 g5 (16... Nxc3 $11 {keeps the balance.} 17. Qxc3 Nxe5 18. Bxe5 Qxe2) 17. Bf3 $16 Qe8 18. Nxd7 (18. hxg5 $16 hxg5 19. Bxe4) 18... Bxd7 $11 19. hxg5 hxg5 20. Be5 Qg6 21. Bxe4 fxe4 22. Kg2 Bf6 23. Bxf6 (23. Qe3 $5 ) 23... Rxf6 24. Rh1 Raf8 ({Don't do} 24... Qf5 25. Rdf1 $14) 25. Rdf1 c5 26. Qe3 ({Better is} 26. Qd1 $11) 26... Bc6 (26... Rf5 $1 $15 27. dxc5 Qf6) 27. cxd5 exd5 {[%emt 0:00:04] [#] ...Qg7 would be deadly.} 28. Kg1 Qg7 29. Rh2 ({Much weaker is} 29. dxc5 Rf5 30. Nd1 d4 31. Qb3+ Bd5 $17) (29. Rh5 $5) 29... Rh6 30. Rxh6 cxd4 31. Rg6 $1 dxe3 32. Rxg7+ Kxg7 33. fxe3 Rxf1+ 34. Kxf1 {[%emt 0:00:03][%mdl 4096] Endgame KB-KN} Kf6 35. Nd1 Ke5 36. Ke1 a5 37. Kd2 Bb5 38. Nf2 Kf5 39. Ke1 Bc4 40. b3 Bb5 41. Nd1 Ke5 42. Kd2 Bd7 43. Nc3 Bc6 44. a3 b6 45. Nd1 Bb5 46. Nc3 Bc6 47. b4 (47. Nd1 $11) 47... axb4 48. axb4 d4 49. Nd1 Bb5 50. Nf2 Bd7 51. Nd1 Bb5 52. exd4+ Kxd4 53. Ne3 Bd7 54. Nc2+ Kc4 55. Ke3 Ba4 56. Nd4 Kxb4 57. Kxe4 Kc3 {[%emt 0:00:04] White must now prevent ...g4.} 58. Ne6 b5 59. Nc5 $2 {[%emt 0:00:03] [#]} (59. Nc7 $1 $11) 59... Bc2+ $2 (59... Kc4 $1 $19 60. Na6 Bd1) 60. Kd5 {[%emt 0:00:04] The position is equal.} b4 {[%emt 0:00:04] Strongly threatening ...Bg6.} 61. e4 b3 62. Na4+ Kb4 63. Nb2 Kc3 64. Na4+ Kb4 65. Nb2 Kc3 (65... Ka3 $5 66. Nc4+ $8 Kb4 67. Nb2 $11) 66. Na4+ {[%emt 0:00:04] Weighted Error Value: White=0.15 (very precise) /Black=0.13 (very precise)} 1/2-1/2

[Event "AI Cup Div-3 2023"]
[Site "Online"]
[Date "2023.09.26"]
[Round "52.3"]
[White "Guseinov, Gadir"]
[Black "Muradli, Mahammad"]
[Result "0-1"]
[Annotator "ChessBase"]
[ECO "B23"]
[WhiteElo "2636"]
[BlackElo "2550"]
[PlyCount "66"]
[EventDate "2023.09.18"]
[EventType "k.o."]
[EventCountry "NET"]
[SourceTitle "playchess.com"]
[Source "ChessBase"]
[SourceQuality "1"]
[TimeControl "900+3"]

1. e4 c5 2. Nc3 a6 3. g3 b5 4. Bg2 Bb7 5. Nh3 g6 6. O-O Bg7 7. d3 Nc6 8. f4 d6 9. Kh1 b4 10. Na4 Qa5 11. c3 Nh6 12. Be3 O-O 13. d4 bxc3 14. bxc3 cxd4 15. cxd4 Rab8 16. Rc1 Rfc8 17. Nf2 Nb4 18. a3 Bc6 19. Nc3 Qxa3 20. f5 Nxf5 21. Ng4 Nxe3 22. Nxe3 Na2 23. Ncd5 Nxc1 24. Nxe7+ Kh8 25. Nc4 Qb4 26. Qxc1 Bb7 27. Nxc8 Rxc8 28. Qf4 Qxc4 29. d5 Qc7 30. h4 Be5 31. Qf3 h5 32. g4 hxg4 33. Qxg4 Kg7 0-1

[Event "AI Cup Div-3 2023"]
[Site "Online"]
[Date "2023.09.26"]
[Round "52.3"]
[White "Vaibhav, Suri"]
[Black "Demchenko, Anton"]
[Result "0-1"]
[Annotator "ChessBase"]
[ECO "A21"]
[WhiteElo "2588"]
[BlackElo "2608"]
[PlyCount "136"]
[EventDate "2023.09.18"]
[EventType "k.o."]
[EventCountry "NET"]
[SourceTitle "playchess.com"]
[Source "ChessBase"]
[SourceQuality "1"]
[TimeControl "900+3"]

1. d4 Nf6 2. c4 d6 3. Nc3 e5 4. g3 exd4 5. Qxd4 Nc6 6. Qd2 a5 7. Bg2 a4 8. Nh3 Ne5 9. O-O Nxc4 10. Qc2 Ne5 11. Nxa4 Be7 12. b3 O-O 13. Bb2 c6 14. Nf4 Ng6 15. Nxg6 hxg6 16. e4 Qa5 17. h3 Be6 18. Rfe1 Rfd8 19. Rad1 b5 20. Nc3 Qb6 21. Rd2 d5 22. exd5 cxd5 23. Qd3 Bb4 24. a3 Bxa3 25. g4 Bxb2 26. Rxb2 Rab8 27. Ne2 d4 28. Rd1 Nd5 29. Nxd4 Nf4 30. Qe3 Nxg2 31. Kxg2 Bd5+ 32. Kg1 Ba8 33. Rbd2 Re8 34. Qf4 b4 35. Kh2 Rbc8 36. f3 Rc3 37. Kg3 Qc5 38. h4 Bd5 39. Rd3 Bb7 40. R1d2 Ba6 41. Rxc3 bxc3 42. Rc2 Rd8 43. Qe3 Qxd4 44. Qxd4 Rxd4 45. Rxc3 Rb4 46. Kf2 Bb7 47. Rd3 Kf8 48. Ke3 Ke7 49. Kd2 Bc8 50. Kc3 Rb7 51. b4 Be6 52. Re3 Rc7+ 53. Kd3 Rd7+ 54. Kc3 Rc7+ 55. Kd3 Rd7+ 56. Ke2 Rb7 57. Re4 Kd6 58. Ke3 Bd5 59. Rd4 Ra7 60. Rd3 Rb7 61. Rd4 Ra7 62. Rd3 Ra4 63. Rd4 Ra3+ 64. Ke2 Ke5 65. Rd2 Bxf3+ 66. Kf2 Bxg4 67. Rb2 Be6 68. b5 Ra2 0-1

[Event "AI Cup Div-3 2023"]
[Site "Online"]
[Date "2023.09.26"]
[Round "52.3"]
[White "Kovalev, Vladislav"]
[Black "Paravyan, David"]
[Result "1-0"]
[Annotator "ChessBase"]
[ECO "A07"]
[WhiteElo "2582"]
[BlackElo "2599"]
[PlyCount "77"]
[EventDate "2023.09.18"]
[EventType "k.o."]
[EventCountry "NET"]
[SourceTitle "playchess.com"]
[Source "ChessBase"]
[SourceQuality "1"]
[TimeControl "900+3"]

1. Nf3 d5 2. g3 Nf6 3. Bg2 e6 4. O-O Be7 5. d3 O-O 6. Nbd2 Nc6 7. e4 dxe4 8. dxe4 e5 9. Qe2 Be6 10. c3 Nd7 11. Nc4 a5 12. Rd1 f6 13. Nh4 g6 14. Ne3 Bc5 15. Nd5 Rf7 16. Bf3 Ne7 17. Ne3 Qc8 18. Bg4 Nb6 19. Bxe6 Qxe6 20. Ng4 Kh8 21. Be3 Bxe3 22. Nxe3 Rff8 23. c4 Rad8 24. Nd5 Rd7 25. b3 Rfd8 26. Nxc7 Qc6 27. Nd5 Nbxd5 28. cxd5 Qb6 29. Ng2 Qb4 30. Rac1 Rc8 31. Qg4 Rxc1 32. Rxc1 Rxd5 33. Rc4 f5 34. Qf3 Qd2 35. exd5 Nxd5 36. Ne3 Qe1+ 37. Kg2 e4 38. Rxe4 fxe4 39. Qf8# 1-0

[Event "AI Cup Div-3 2023"]
[Site "Online"]
[Date "2023.09.26"]
[Round "53.1"]
[White "Radjabov, Teimour"]
[Black "Kramnik, Vladimir"]
[Result "1/2-1/2"]
[Annotator "TA"]
[ECO "B45"]
[WhiteElo "2745"]
[BlackElo "2753"]
[PlyCount "78"]
[EventDate "2023.09.18"]
[EventType "k.o."]
[EventCountry "NET"]
[SourceTitle "playchess.com"]
[Source "ChessBase"]
[SourceQuality "1"]
[TimeControl "900+3"]

1. e4 c5 2. Nf3 e6 3. d4 cxd4 4. Nxd4 Nf6 5. Nc3 Nc6 6. a3 Be7 7. Nxc6 {[%emt 0:00:10] B45: Sicilian Four Knights.} bxc6 8. e5 Nd5 9. Ne4 Qc7 10. f4 f5 {[%emt 0:00:29] [#]} 11. Ng5 $1 $146 {[%emt 0:01:28][%mdl 8] A relevant novelty.} ({Better is} 11. Nd6+ $11 Bxd6 12. exd6) ({Predecessor:} 11. Nd6+ Bxd6 12. exd6 Qb8 13. b3 O-O 14. Bb2 c5 15. Be5 Bb7 16. Qd2 Qd8 17. O-O-O {0-1 Naiditsch,A (2736)-Kovalenko,I (2644) Bundesliga 1819 2018 (11.1)}) 11... O-O (11... Qb6 $15) 12. c4 {[%emt 0:00:27] h4 would be deadly.} Bxg5 13. cxd5 {[%emt 0:00:04] aiming for d6.} exd5 (13... Bh4+ $11 {and Black is okay.} 14. g3 Bd8) 14. fxg5 $18 Qxe5+ 15. Qe2 Qb8 {[%emt 0:00:20] [#]} 16. g3 a5 17. Bf4 Qb3 18. Kf2 Qb6+ 19. Be3 Qd8 20. Qd2 f4 21. Bxf4 (21. gxf4 $6 Qxg5 22. Rg1 Qf6 $18) 21... Qxg5 22. Be2 Bb7 23. Bf3 Qf5 24. Rhe1 h6 25. h4 Rf7 26. Kg1 Raf8 27. Re5 (27. Qxa5 Qd3 $18) 27... Qf6 28. Rae1 (28. Qxa5 d6 29. Re2 g5 $16) 28... d6 29. Re6 Qf5 30. Bg2 (30. Qxa5 g5 31. Bh5 Rf6 32. Rxf6 (32. Rxd6 Rxd6 $11) (32. Bxd6 Qf2+ 33. Kh1 Rxe6 34. Bxf8 c5) 32... Qxf6 33. hxg5 hxg5 $18) 30... Bc8 31. Rxd6 Bd7 32. Kh2 Qh5 33. Re5 (33. Qxa5 Rxf4 34. Rxd7 (34. gxf4 Qxh4+ 35. Kg1 Qxf4 $18) 34... Rxh4+ 35. Kg1 (35. gxh4 Qxh4+ 36. Kg1 Qf2+ 37. Kh2 Qh4+ 38. Kg1 Qf2+ 39. Kh2 Qh4+ $11) 35... Qg4 $18) 33... g5 {[%emt 0:00:02] [#]} (33... Qg4 $142 34. Qe3 (34. Qxa5 Rxf4 35. Rxd7 Rf2 $11) 34... a4) 34. Bxg5 $1 Rf2 {[%emt 0:00:02] Prevents Bf4.} 35. Rxh6 $2 (35. Qxa5 Rxg2+ 36. Kxg2 Qf3+ 37. Kh2 Qf2+ 38. Kh1 Qf1+ 39. Kh2 Rf2#) (35. Qc3 $18 Qf7 36. Bf4 (36. Rxh6 $2 {is a self mate.} Rxg2+ {[%mdl 64] Remove Defender} 37. Kxg2 Qf1+ 38. Kh2 Rf2#)) 35... Qf3 $2 (35... Qg4 $1 $11 36. Rg6+ (36. Qxa5 $2 {leads to mate.} Qh3+ 37. Kg1 Rxg2#) 36... Kh7 37. Rh6+ Kg8 38. Rg6+ (38. Qxa5 $2 Qh3+ 39. Kg1 Rxg2#) 38... Kh7 39. Rh6+ Kg8) 36. Rg6+ $2 (36. Qxa5 $2 Qxg2#) (36. Qxf2 Qxf2 37. Be3) 36... Kh7 (36... Kf7 $2 37. Rf6+ Qxf6 38. Qe3 Rxg2+ 39. Kxg2 $18) 37. Rh6+ Kg8 38. Rg6+ $2 (38. Qxa5 $2 Qxg2#) (38. Qxf2 $1 Qxf2 39. Be3) 38... Kh7 $1 (38... Kf7 $2 39. Rf6+ Qxf6 40. Qe3 Rxg2+ 41. Kxg2 $18) 39. Rh6+ $2 (39. Qxf2 $1 Qxf2 40. Rh6+ Kg7 41. Re7+ Rf7 42. Rf6 Qxg2+ 43. Kxg2 Rxe7 44. Rd6) 39... Kg8 {[%emt 0:00:01][%mdl 32768] Weighted Error Value: White=0.79/Black=0.44. An unexpected result.} 1/2-1/2

[Event "AI Cup Div-3 2023"]
[Site "Online"]
[Date "2023.09.26"]
[Round "53.1"]
[White "Durarbayli, Vasif"]
[Black "Beerdsen, Thomas"]
[Result "1-0"]
[Annotator "ChessBase"]
[ECO "C63"]
[WhiteElo "2625"]
[BlackElo "2511"]
[PlyCount "73"]
[EventDate "2023.09.18"]
[EventType "k.o."]
[EventCountry "NET"]
[SourceTitle "playchess.com"]
[Source "ChessBase"]
[SourceQuality "1"]
[TimeControl "900+3"]

1. e4 e5 2. Nf3 Nc6 3. Bb5 f5 4. Nc3 fxe4 5. Nxe4 Nf6 6. Nxf6+ Qxf6 7. Qe2 Be7 8. Bxc6 dxc6 9. Nxe5 O-O 10. O-O c5 11. b3 Bd6 12. Bb2 Bf5 13. Rae1 Rae8 14. f4 Qh4 15. d3 b6 16. Qf3 Re6 17. Qd5 Rfe8 18. Re3 c6 19. Qf3 Bc7 20. Rfe1 h6 21. a4 b5 22. g3 Qh3 23. Nxc6 bxa4 24. bxa4 Bg4 25. Qd5 Kh8 26. Qd7 R6e7 27. Bxg7+ Kh7 28. Qxe7 Rxe7 29. Rxe7 Bd6 30. Bc3+ Bxe7 31. Rxe7+ Kg8 32. Ne5 Be6 33. Re8+ Kh7 34. Nf3 Qf5 35. Kf2 c4 36. Rh8+ Kg6 37. Nh4+ 1-0